 Dungeon Crawl Stone Soup version 0.22.0-6-g71bd7aa (webtiles) character file.

17658 Lew the Severer (level 12, -6/104 HPs)
             Began as a Hill Orc Fighter on Aug 14, 2018.
             Mangled by an ice devil (7 damage)
             ... on level 2 of the Lair of Beasts.
             The game lasted 00:35:46 (14112 turns).

Lew the Severer (Hill Orc Fighter)                 Turns: 14112, Time: 00:35:47

Health: -6/104     AC: 12    Str: 21    XL:     12   Next: 50%
Magic:  0/12       EV: 11    Int:  8    God:
Gold:   490        SH: 13    Dex: 13    Spells: 11/11 levels left

rFire    . . .     SeeInvis .   e - +4 broad axe
rCold    . . .     Gourm    .   c - +1 shield
rNeg     . . .     Faith    .   L - +0 troll leather armour
rPois    .         Spirit   +   (no helmet)
rElec    .         Reflect  .   x - +0 cloak
rCorr    +         Harm     .   J - +0 pair of gloves
MR       .....                  r - +0 pair of boots
Stlth    +.........             k - amulet of guardian spirit
HPRegen  0.67/turn              m - +1 ring of evasion
MPRegen  0.13/turn              t - ring of resist corrosion

@: very slightly contaminated
A: yellow scales 1, blink
a: Blink


You were on level 2 of the Lair of Beasts.
You were very hungry.

You visited 3 branches of the dungeon, and saw 13 of its levels.
You also visited: Sewer and Ossuary.

You collected 764 gold pieces.
You spent 274 gold pieces at shops.

Inventory:

Hand Weapons
 a - a +0 war axe
 e - a +4 broad axe (weapon)
 u - a +2 scimitar of flaming
Armour
 b - a +0 scale mail
 c - a +1 shield (worn)
 r - a +0 pair of boots (worn)
 x - a +0 cloak (worn)
 y - a +0 plate armour
 H - +0 steam dragon scales
 J - a +0 pair of gloves (worn)
 L - a +0 troll leather armour (worn)
Jewellery
 k - an amulet of guardian spirit (around neck)
 m - a +1 ring of evasion (left hand)
 t - a ring of resist corrosion (right hand)
 F - an uncursed ring of fire
Wands
 d - a wand of flame (57)
 h - a wand of polymorph (12)
 l - a wand of acid (10)
 w - a wand of disintegration (6)
 B - a wand of scattershot (2)
 E - a wand of paralysis (3)
 I - a wand of enslavement (15)
Scrolls
 i - 4 scrolls of amnesia
 j - 7 scrolls of remove curse
 n - 2 scrolls of identify
 o - 4 scrolls of fog
 p - 3 scrolls of magic mapping
 q - 4 scrolls of teleportation
 A - 3 scrolls of noise
 D - a scroll of fear {unknown}
 O - 3 scrolls of immolation {unknown}
Potions
 g - 2 potions of haste
 s - a potion of cancellation
 v - 3 potions of berserk rage
 z - a potion of might
 C - 2 potions of brilliance
 G - 3 potions of curing
 M - a potion of magic {unknown}
Comestibles
 f - 15 rations


   Skills:
 - Level 9.0 Fighting
 - Level 18.2 Axes
 + Level 9.7 Armour
 + Level 9.6 Shields


You had 11 spell levels left.
You didn't know any spells.
Your spell library was empty.

Dungeon Overview and Level Annotations

Branches:
Dungeon (10/15)            Temple (1/1) D:7            Lair (2/6) D:10
  Swamp: Lair:2-4    Shoals: Lair:2-4     Snake: Lair:2-4    Spider: Lair:2-4
    Orc: D:9-12

Altars:
Ashenzari
Cheibriados
Dithmenos
Elyvilon
Fedhas
Gozag
Hepliaklqana
Kikubaaqudgha
Makhleb
Nemelex Xobeh
Okawaru
Qazlal
Ru
Sif Muna
Trog
Uskayaw
Vehumet
Wu Jian
Xom
Yredelemnul
Zin
The Shining One

Shops:
D:5 ?(   D:6 ?

Annotations:
Lair:2 exclusion: oklob plant


Innate Abilities, Weirdness & Mutations

You are partially covered in yellow scales. (AC +2)
You can translocate small distances at will.


Message History

* * * LOW HITPOINT WARNING * * *
The ice devil hits you but does no damage.
The ice statue glitters chillingly in the dim dungeon light.
The ice statue gestures at you. The freezing blast engulfs you!
* * * LOW HITPOINT WARNING * * *
You slice the ice statue!!
The ice statue is almost destroyed.
You slash the ice devil!
You are engulfed in freezing vapours.
* * * LOW HITPOINT WARNING * * *
The ice devil hits you but does no damage.
You hit the ice statue.
You destroy the ice statue!
You hit the ice devil but do no damage.
You are engulfed in freezing vapours.
* * * LOW HITPOINT WARNING * * *
You block the ice devil's attack.
You feel better.
You are engulfed in freezing vapours.
* * * LOW HITPOINT WARNING * * *
The ice devil hits you!
You die...

..#......≈≈≈...≈≈≈≈.[..≈.≈# #
.#.......≈≈.≈.≈≈≈≈.≈..≈.≈≈#### #
#...........≈≈≈≈≈≈≈≈≈≈≈≈.....# #
...........≈≈≈≈≈≈≈≈≈≈≈≈≈...(.####
#..........≈≈≈≈≈≈≈≈≈≈≈≈≈.(..#.##.
...........≈≈≈≈≈?}$≈≈≈≈≈.......#.
#...........≈≈≈≈).!≈≈≈≈.........#
#..........≈≈≈§§§(≈≈≈≈..........
..≈≈≈≈§@4!≈≈≈≈≈.........
..≈≈≈≈§§§≈≈≈≈≈≈.........
..≈≈≈≈≈§≈≈≈≈≈≈≈......÷÷.
..≈≈≈≈≈≈≈≈≈≈≈≈≈.........
≈≈.≈.≈≈≈≈≈≈≈.≈.≈≈.......
≈≈≈...≈≈≈≈....≈≈≈.......
≈≈≈...≈≈.≈≈≈.≈≈.≈.......
.≈≈≈≈.≈...≈..≈≈≈........
⌠.≈≈≈.......≈≈..⌠.......


You could see an ice devil.

Vanquished Creatures
  A hydra (Lair:2)
  Erica (D:8)
  3 two-headed ogres
  2 black mambas
  An ice statue (Lair:2)
  Joseph (D:7)
  A spiny frog (Lair:1)
  3 polar bears (Lair:2)
  2 trolls (D:10)
  5 hippogriffs
  Sigmund (D:2)
  16 yaks
  A basilisk (Lair:2)
  2 hungry ghosts
  A steam dragon (D:10)
  5 water moccasins
  6 porcupines
  5 sky beasts
  2 orc warriors
  8 ice beasts
  2 phantoms
  5 black bears
  3 ogres
  5 wolves (Lair:2)
  7 crocodiles
  6 centaurs
  8 big kobolds
  7 bullfrogs
  A water moccasin zombie (D:9)
  A wyvern skeleton (D:9)
  6 scorpions
  7 wights
  4 howler monkeys
  3 crimson imps
  5 hounds
  4 human zombies (Ossuary)
  3 centaur zombies (Ossuary)
  A jelly (D:8)
  5 orc wizards
  Crazy Yiuf (D:5)
  3 iguanas
  3 bullfrog skeletons
  4 worker ants
  A big kobold zombie (Ossuary)
  A hound skeleton (D:5)
  3 mummies
  A worker ant zombie (D:6)
  5 gnolls
  A howler monkey skeleton (D:9)
  12 adders
  3 river rats
  A shadow imp (D:6)
  A white imp (Lair:2)
  9 oozes
  5 adder zombies
  2 adder skeletons (D:3)
  5 worms
  A dart slug (D:2)
  3 leopard geckos
  10 orcs
  4 ball pythons (Sewer)
  5 giant cockroaches
  5 goblins
  9 hobgoblins
  19 jackals
  23 kobolds
  5 quokkas
  11 bats
  7 frilled lizards
  A giant cockroach zombie (D:3)
  7 hobgoblin zombies
  A jackal skeleton (D:3)
  2 jackal zombies (Ossuary)
  9 kobold zombies
  A leopard gecko zombie (D:7)
  10 orc zombies (Ossuary)
  A quokka zombie (D:3)
  11 rats
  A rat zombie (Ossuary)
  A fungus (D:10)
  4 plants (D:10)
362 creatures vanquished.

Vanquished Creatures (others)
  A fungus (Lair:2)
1 creature vanquished.

Grand Total: 363 creatures vanquished

Notes
Turn   | Place    | Note
-------+----------+-------------------------------------------
     0 | D:1      | Lew the Hill Orc Fighter began the quest for the Orb.
     0 | D:1      | Reached XP level 1. HP: 19/19 MP: 1/1
    20 | D:1      | Reached skill level 3 in Axes
   189 | D:1      | Reached XP level 2. HP: 17/27 MP: 2/2
   377 | D:1      | Reached skill level 4 in Axes
   410 | D:1      | Reached XP level 3. HP: 33/33 MP: 3/3
   879 | D:2      | Reached XP level 4. HP: 36/41 MP: 4/4
   906 | D:2      | Noticed Sigmund
   918 | D:2      | Killed Sigmund
   918 | D:2      | Reached skill level 5 in Fighting
   918 | D:2      | Reached skill level 6 in Axes
   918 | D:2      | Reached XP level 5. HP: 23/48 MP: 5/5
  1096 | D:2      | Gained mutation: You do not regenerate when monsters are visible. [potion of mutation]
  1096 | D:2      | Lost mutation: You do not regenerate when monsters are visible. [potion of mutation]
  1096 | D:2      | Gained mutation: You are weak. (Str -2) [potion of mutation]
  1096 | D:2      | Gained mutation: You passively map a small area around you. [potion of mutation]
  1107 | D:2      | Reached XP level 6. HP: 55/56 MP: 6/6
  1301 | D:2      | Found a shadowy altar of Dithmenos.
  1372 | D:2      | Reached skill level 7 in Axes
  1808 | D:3      | Found a glowing drain.
  1965 | Sewer    | Entered a sewer
  2217 | Sewer    | Reached skill level 8 in Axes
  2217 | Sewer    | Reached XP level 7. HP: 53/63 MP: 7/7
  2873 | D:3      | Found a blossoming altar of Fedhas.
  2926 | D:3      | Found a stormy altar of Qazlal.
  3020 | D:3      | Found a shattered altar of Ashenzari.
  3020 | D:3      | Found a white marble altar of Elyvilon.
  3368 | D:4      | Found a sacrificial altar of Ru.
  3563 | D:4      | Reached skill level 9 in Axes
  3563 | D:4      | Reached XP level 8. HP: 54/71 MP: 8/8
  4029 | D:5      | Entered Level 5 of the Dungeon
  4068 | D:5      | Found Xukaraz's Food Shoppe.
  4734 | D:5      | Found an opulent altar of Gozag.
  5017 | D:5      | Reached skill level 10 in Axes
  5137 | D:5      | Reached skill level 5 in Armour
  5162 | D:5      | Found Niegucao's Weapon Shop.
  5167 | D:5      | Found Noshium's Magic Scroll Boutique.
  5439 | D:5      | Found a runed door.
  5443 | D:5      | Noticed Crazy Yiuf
  5445 | D:5      | Killed Crazy Yiuf
  5445 | D:5      | Reached skill level 5 in Shields
  5577 | D:5      | Bought a scroll of enchant weapon for 97 gold pieces
  5577 | D:5      | Bought a scroll of magic mapping for 45 gold pieces
  6038 | D:6      | Noticed a yak
  6038 | D:6      | Noticed a yak
  6039 | D:6      | Noticed a yak
  6059 | D:5      | Killed a yak
  6059 | D:5      | Reached skill level 11 in Axes
  6059 | D:5      | Reached XP level 9. HP: 40/79 MP: 9/9
  6245 | D:5      | Reached skill level 12 in Axes
  6658 | D:6      | Reached skill level 13 in Axes
  6800 | D:6      | Found Sutusyli's Magic Scroll Shoppe.
  6837 | D:6      | Bought a scroll of enchant armour for 90 gold pieces
  6837 | D:6      | Bought a scroll of magic mapping for 42 gold pieces
  7365 | D:7      | Reached skill level 14 in Axes
  7419 | D:7      | Lost mutation: You passively map a small area around you. [potion of mutation]
  7419 | D:7      | Lost mutation: You are weak. (Str -2) [potion of mutation]
  7419 | D:7      | Gained mutation: You can translocate small distances at will. [potion of mutation]
  7419 | D:7      | Gained mutation: You are partially covered in yellow scales. (AC +2) [potion of mutation]
  7519 | D:7      | Noticed Joseph
  7534 | D:7      | Reached XP level 10. HP: 77/86 MP: 10/10
  7562 | D:7      | Killed Joseph
  7562 | D:7      | Reached skill level 15 in Axes
  8107 | D:7      | Found a staircase to the Ecumenical Temple.
  8608 | Temple   | Entered the Ecumenical Temple
  8752 | D:8      | Reached skill level 16 in Axes
  8797 | D:8      | Found a sand-covered staircase.
  8803 | Ossuary  | Entered an ossuary
  9176 | D:8      | Noticed Erica
  9204 | D:8      | Killed Erica
  9204 | D:8      | Reached skill level 17 in Axes
  9564 | D:8      | Noticed a two-headed ogre
  9574 | D:8      | Killed a two-headed ogre
  9796 | D:8      | Noticed a two-headed ogre
  9802 | D:8      | Killed a two-headed ogre
  9802 | D:8      | Reached skill level 18 in Axes
  9802 | D:8      | Reached XP level 11. HP: 66/92 MP: 11/11
 10886 | D:9      | Noticed a two-headed ogre
 10894 | D:9      | Killed a two-headed ogre
 11063 | D:10     | Entered Level 10 of the Dungeon
 12442 | D:10     | Found a staircase to the Lair.
 12599 | Lair:1   | Entered Level 1 of the Lair of Beasts
 12817 | Lair:1   | Reached XP level 12. HP: 104/104 MP: 12/12
 13809 | Lair:2   | Noticed a seven-headed hydra
 14040 | Lair:2   | Killed a seven-headed hydra
 14112 | Lair:2   | HP: 1/104 [something (16)]
 14112 | Lair:2   | Mangled by an ice devil

Skill      XL: |  1  2  3  4  5  6  7  8  9 10 11 12 |
---------------+-------------------------------------+-----
Axes           | 3 4 6 8 9 11 14 18 | 18.2
Fighting       | 4 5 6 7 9 |  9.0
Armour         | 4 5 7 9 |  9.7
Shields        | 4 5 7 9 |  9.6

Action                   |  1- 3 |  4- 6 |  7- 9 | 10-12 || total
-------------------------+-------+-------+-------+-------++-------
Melee: War axe           |    89 |    30 |       |       ||   119
       Broad axe         |       |   117 |   467 |   603 ||  1187
Evoke: Wand              |       |       |       |     2 ||     2
  Use: Potion            |       |     5 |     4 |     7 ||    16
       Scroll            |       |     3 |     9 |    12 ||    24
  Eat: Ration            |       |     1 |     3 |     5 ||     9
       Chunk             |       |     1 |     9 |     7 ||    17
Armor: Scale mail        |    46 |    48 |   154 |    95 ||   343
       Skin              |       |       |       |     6 ||     6
       Troll leather arm |       |       |       |    44 ||    44
       Steam dragon scal |       |       |       |     2 ||     2
Dodge: Dodged            |    32 |    42 |   127 |   143 ||   344
Block: Shield            |    56 |    73 |   192 |   246 ||   567
